 Dungeon Crawl Stone Soup version 0.15-a0-1485-g692b94f (console) character file.

98 Sabretooth the Scratcher (level 4, -3/21 HPs)
             Began as a Felid Fighter on June 14, 2014.
             Was an Initiate of Cheibriados.
             Slain by an orc
             ... wielding a +0,+0 club
              (4 damage)
             ... on Level 4 of the Dungeon.
             The game lasted 00:05:04 (1099 turns).

Sabretooth the Scratcher (Felid Fighter)            Turns: 1099, Time: 00:05:04

HP  -3/21        AC  1     Str 14      XL: 4   Next: 43%
MP   7/7         EV 19     Int 10      God: Cheibriados [......]
Gold 104         SH  0     Dex 16      Spells:  0 memorised,  3 levels left
Lives: 0, deaths: 1

rFire  . . .     SeeInvis +       - Unarmed
rCold  . . .     Clarity  .     (armour unavailable)
rNeg   . . .     rCorr    .     (shield unavailable)
rPois  .         rRot     .     (helmet unavailable)
rElec  .         Spirit   .     (cloak unavailable)
SustAb .         Warding  .     (gloves unavailable)
rMut   .         Stasis   .     (boots unavailable)
Gourm  .                        (no amulet)
MR     .....                    (no ring)
                                (no ring)

@: slow, not resistant to hostile enchantments, unstealthy
A: paw claws, no armour, no weapons or thrown items, fangs 3, see invisible,
carnivore 3, speed 1, shaggy fur 1, slow metabolism 1, jump 1
a: Jump Attack, Bend Time, Renounce Religion


You were on level 4 of the Dungeon.
You worshipped Cheibriados.
Cheibriados was noncommittal.
You were not hungry.

You visited 1 branch of the dungeon, and saw 4 of its levels.

You collected 104 gold pieces.

Inventory:

Comestibles
 c - 2 slices of pizza
 d - 3 meat rations
 f - a chunk of rat flesh
 i - a chunk of giant gecko flesh
 j - a chunk of rat flesh
Scrolls
 a - 2 scrolls of remove curse {unknown}
 b - a scroll of teleportation {unknown}
 e - 2 scrolls of identify {unknown}
 h - a scroll of magic mapping {unknown}
Potions
 g - a potion of degeneration {unknown}


   Skills:
 - Level 3.0 Fighting
 - Level 4.0 Dodging
 + Level 6.2 Unarmed Combat
 + Level 1.6 Invocations


You had 3 spell levels left.
You didn't know any spells.

Dungeon Overview and Level Annotations

Branches:
Dungeon (4/15)
 Temple: D:4-7

Altars:
Cheibriados


Innate Abilities, Weirdness & Mutations

You cannot wear armour.
You are incapable of wielding weapons or throwing items.
Your paws have sharp claws.
You have razor-sharp teeth.
You have supernaturally acute eyesight.
You are carnivorous and can eat meat at any time.
You cover ground quickly.
You are covered in fur (AC +1).
You have a slow metabolism.
You can jump attack at a short distance.


Message History

You claw the hobgoblin!
You kill the hobgoblin!
Cheibriados appreciates the change of pace.
You scratch the orc but do no damage. The orc barely misses you.
You scratch the orc wizard.
The orc wizard is almost dead.
The orc wizard hits you with a dagger.
* * * LOW HITPOINT WARNING * * *
The orc misses you.
You closely miss the orc wizard.
The orc wizard is almost dead.
The orc wizard misses you. The orc wizard barely misses you.
Drink which item? (? for menu, Esc to quit)
Okay, then.
You scratch the orc wizard.
You kill the orc wizard!
Cheibriados appreciates the change of pace.
Welcome back to level 4!
The orc hits you with a club.
You die...

##################
..<......<.......#
.#########''####.######
.# ##....###.#....# .#
##......##.##.#.# .#
#..♣♣[♣..#....#.#####
.#
+..♣.♣...'.####>....#
.#
+...♣.♣..).#....###(#
.#
#..♣)♣♣..#@#.##.....#
.# ##......##o#.
#..#### .#
##....##....##..####
##++##...####.....#
#..#...>## #.#####
#....#...###%#
.####.([....>...#
.........%...####
.#.......<..#


You could see an orc.

Vanquished Creatures
  A hound (D:4)
  An orc wizard (D:4)
  An orc priest (D:3)
  Ijyb (D:2)
  3 giant geckos
  5 orcs (D:3)
  2 bats (D:2)
  A bat skeleton (D:4)
  3 hobgoblins
  A quokka (D:3)
  A giant cockroach (D:3)
  3 giant newts
  8 goblins
  8 jackals (D:2)
  3 kobolds (D:1)
  9 rats
51 creatures vanquished.

Notes
Turn   | Place    | Note
--------------------------------------------------------------
     0 | D:1      | Sabretooth, the Felid Fighter, began the quest for the Orb.
     0 | D:1      | Reached XP level 1. HP: 10/10 MP: 2/2
    43 | D:2      | Noticed Ijyb
    69 | D:3      | Noticed an orc priest
    73 | D:3      | Killed an orc priest
    73 | D:3      | Reached skill level 5 in Unarmed Combat
    73 | D:3      | Reached XP level 2. HP: 5/14 MP: 3/3
    73 | D:3      | Reached XP level 3. HP: 6/17 MP: 5/5
    98 | D:2      | Killed Ijyb
   309 | D:2      | Reached XP level 4. HP: 9/21 MP: 7/7
   870 | D:3      | Found a snail-covered altar of Cheibriados.
   974 | D:3      | Became a worshipper of Cheibriados the Contemplative
  1061 | D:4      | Reached skill level 6 in Unarmed Combat
  1061 | D:4      | Reached skill level 1 in Invocations
  1083 | D:4      | Killed from afar by an orc wizard
  1084 | D:4      | Reached XP level 3. HP: 0/17 MP: 5/5
  1099 | D:4      | Reached XP level 4. HP: 1/21 MP: 7/7
  1099 | D:4      | Slain by an orc

Action                   |  1- 3 |  4- 6 || total
-------------------------+-------+-------++-------
Melee: Unarmed           |    48 |    83 ||   131
  Use: Potion            |     2 |       ||     2
